 Dungeon Crawl Stone Soup version 0.31-a0-1225-g50297eb6a4 (webtiles) character file.

Game seed: 2651693208341755906

135 inmateoo the Ruffian (level 4, -7/44 HPs)
             Began as a Troll Gladiator on Dec 15, 2023.
             Killed from afar by an orc wizard (10 damage)
             ... with a puff of flame
             ... on level 3 of the Dungeon.
             The game lasted 00:02:18 (1304 turns).

inmateoo the Ruffian (Troll Gladiator)              Turns: 1304, Time: 00:02:18

Health: -7/44      AC:  4    Str: 22    XL:     4   Next: 96%
Magic:  3/3        EV: 10    Int:  4    God:
Gold:   74         SH:  0    Dex: 13    Spells: 3/3 levels left

rFire   . .          .
                       - Unarmed
rCold   . . .        (no shield)
rNeg    . . .        a - +0 robe
rPois   .            b - +0 hat
rElec   .            (no cloak)
rCorr   .            (gloves unavailable)
SInv    .            (boots unavailable)
Will    .....        (no amulet)
Stlth   +            (no ring)
HPRegen 1.07/turn    (no ring)
MPRegen 0.08/turn

%: no passive effects
@: confused
A: large, unfitting armour, claws 3, regeneration 1, shaggy fur 1, tough skin 1
a: no special abilities


You were on level 3 of the Dungeon.
You visited 1 branch of the dungeon, and saw 3 of its levels.

You collected 74 gold pieces.

Inventory:

Missiles
 c - 4 throwing nets (quivered)
 d - a large rock
Armour
 a - a +0 robe (worn)
 b - a +0 hat (worn)
Scrolls
 e - a scroll of identify
 f - a scroll of amnesia
 j - a scroll of teleportation
 k - a scroll of brand weapon
Potions
 g - a potion of curing
 h - 2 potions of degeneration {unknown}
 i - a potion of heal wounds {unknown}
 l - a potion of ambrosia {unknown}
 n - a potion of cancellation {unknown}


   Skills:
 + Level 2.3 Fighting
 + Level 2.4 Throwing
 + Level 1.1 Armour
 + Level 2.9 Dodging
 * Level 4.1 Unarmed Combat


You had 3 spell levels left.
You didn't know any spells.
Your spell library contained the following spells:

 Spells                   Type           Power      Damage    Failure   Level
 Sandblast                Erth           0%         2d4       50%         1
 Passwall                 Tmut/Erth      0%         N/A       65%         2
 Sublimation of Blood     Necr           0%         N/A       65%         2
 Stone Arrow              Conj/Erth      0%         3d7       86%         3
 Brom's Barrelling Bould  Conj/Erth      0%         2d3       99%         4
 Olgreb's Toxic Radiance  Pois           0%         N/A       99%         4
 Petrify                  Tmut/Erth      0%         N/A       99%         4
 Irradiate                Conj/Tmut      0%         3d11      100%        5
 Discord                  Hex            0%         N/A       100%        8
 Ignition                 Fire           0%         3d3       100%        8


Dungeon Overview and Level Annotations

Branches:
Dungeon (3/15)

Altars:
Dithmenos


Innate Abilities, Weirdness & Mutations

You are too large for most types of armour.
You have claws for hands.
Your natural rate of healing is unusually fast.
You are covered in fur. (AC +1)
You have tough skin. (AC +1)


Message History

* * * LOW HITPOINT WARNING * * *
You closely miss something. You miss something.
You hear some strange, mumbled words.
You are confused.
You bump into the rock wall.
The orc hits you with a +0 short sword.
* * * LOW HITPOINT WARNING * * *
Something hits you.
* * * LOW HITPOINT WARNING * * *
It was a potion of curing.
You feel better. The orc barely misses you.
Something hits you but does no damage.
You completely miss something. The orc closely misses you.
You closely miss something. Your claw misses something.
You hear some strange, mumbled words.
You are confused.
The orc barely misses you.
You're too confused to attack without stumbling around!
You bump into the rock wall.
Something hits you. The orc closely misses you.
You bump into the rock wall.
Something hits you but does no damage. The orc hits you but does no damage.
You bump into the rock wall.
Something hits you but does no damage. The orc barely misses you.
You miss the orc. Something hits you. The orc hits you with a +0 short sword.
You bump into the rock wall.
You hear some strange, mumbled words.
Something tries to affect you, but you resist.
The orc hits you with a +0 short sword.
You bump into the rock wall.
You hear some strange, mumbled words.
A puff of flame appears from out of thin air!
The puff of flame hits you!
* * * LOW HITPOINT WARNING * * *
The orc hits you with a +0 short sword.
* * * LOW HITPOINT WARNING * * *
You claw the orc!
You kill the orc!
You hear some strange, mumbled words.
A puff of flame appears from out of thin air!
The puff of flame hits you!
You die...

§#.#§#. ###... §§_.§.. ....#
#.#.#.###.... ..#
#.§.#.......### #..#
#.#..........#.....
##........###.#....# .
.......w....#.......
.########)###.#....... #. (.#
#@{.#......... #. #.#
###.#......... #.# #.#
#...#..♣P~~. ..#..###.#
#...#>.~~~.. ......#.###
#.......P~~♣
..###......########.#........
#>.................>.........
######.###...####...##.......
#.# #...####.#.# ....###


You could see a worm.

Vanquished Creatures
  Robin (D:1)
  5 adders
  A worm (D:2)
  4 orcs (D:3)
  3 bats
  2 endoplasms
  3 giant cockroaches
  12 goblins
  10 hobgoblins
  5 jackals (D:1)
  7 kobolds
  A quokka (D:1)
  6 ball pythons
  6 frilled lizards
  6 rats
72 creatures vanquished.

Notes
Turn   | Place    | Note
-------+----------+-------------------------------------------
     0 | D:1      | inmateoo the Troll Gladiator began the quest for the Orb.
     0 | D:1      | Reached XP level 1. HP: 19/19 MP: 0/0
   119 | D:1      | Reached XP level 2. HP: 26/28 MP: 1/1
   706 | D:2      | Noticed Robin
   717 | D:1      | Reached XP level 3. HP: 15/35 MP: 2/2
   722 | D:1      | Killed Robin
   830 | D:2      | Reached XP level 4. HP: 42/42 MP: 3/3
   876 | D:2      | Reached skill level 1 in Armour
   904 | D:2      | Found a faded altar of an unknown god.
   994 | D:2      | Reached skill level 4 in Unarmed Combat
  1278 | D:3      | Found a shadowy altar of Dithmenos.
  1303 | D:3      | HP: 2/44 [orc/+0 short sword (1)]
  1304 | D:3      | Killed from afar by an orc wizard

Illustrated notes

Levels and vault maps discovered:
D:1:      nzn_arrival_depleted_hourglass, layout_rooms, minmay_box_of_dots
D:2:      layout_rooms, basic_ecumenical_altar, uniq_robin
D:3:      layout_rooms, grunt_dithmenos_smoke_and_mirrors, serial_bayou,
          serial_bayou_pond_e, serial_bayou_pond_c, serial_bayou_crossing,
          serial_bayou_lagoon_a, hangedman_abyss_or_decor_stabs

Skill      XL: |  1  2  3  4 |
---------------+-------------+-----
Throwing       | 2 |  2.4
Fighting       | 2 |  2.3
Armour         | 1 |  1.1
Unarmed Combat | 4 |  4.1
Dodging        | |  2.9

Action                     |  1- 3 |  4- 6 || total
---------------------------+-------+-------++-------
  Melee: Unarmed           |    96 |    82 ||   178
         Punch             |       |     1 ||     1
    Use: Scroll            |     5 |       ||     5
         Potion            |       |     1 ||     1
 Armour: Robe              |    89 |    54 ||   143
  Dodge: Dodged            |    71 |    46 ||   117

Table legend: (Time is in decaauts)
 A = Elapsed time spent in this place.
 B = Non-inter-level travel time spent in this place.
 C = Inter-level travel time spent in this place.
 D = Time resting spent in this place.
 E = Time spent auto-exploring this place.
 F = Levels seen in this place.
 G = Mean time per level.
                   A        B        C        D        E       F      G
               +--------+--------+--------+--------+--------+-----+--------+
         Total |   1294 |   1242 |     52 |     30 |    771 |   3 |  431.3 |
       Dungeon |   1294 |   1242 |     52 |     30 |    771 |   3 |  431.3 |
               +--------+--------+--------+--------+--------+-----+--------+

Top non-repeatable levels by time:
     D:1: 788 daAuts
     D:2: 427 daAuts
     D:3: 77 daAuts
